 Dungeon Crawl Stone Soup version 0.25-a0-942-g87a53962fc (webtiles) character file.

Game seed: 18165429067301032187, levelgen mode: deterministic

1282 mortelune the Poker (level 8, 0/71 HPs)
             Began as a Centaur Fighter on May 8, 2020.
             Was a Believer of Okawaru.
             Slain by an orc warrior
             ... wielding a +0 halberd
              (23 damage)
             ... on level 5 of the Dungeon.
             The game lasted 00:10:51 (6940 turns).

mortelune the Poker (Centaur Fighter)               Turns: 6940, Time: 00:10:51

Health: 0/71       AC:  5    Str: 22      XL:     8   Next: 29%
Magic:  8/8        EV:  9    Int: 10      God:    Okawaru [**....]
Gold:   268        SH:  0    Dex:  6 (8)  Spells: 7/7 levels left

rFire    + . .     SeeInvis .   b - +0 shortbow
rCold    . . .     Gourm    .   (shield currently unavailable)
rNeg     . . .     Faith    +   x - +1 leather armour {rF+}
rPois    .         Spirit   .   (no helmet)
rElec    .         Reflect  .   (no cloak)
rCorr    .         Harm     .   (no gloves)
MR       .....                  (no barding)
Stlth    ..........             p - amulet of faith
HPRegen  0.21/turn              g - +3 ring of intelligence
MPRegen  0.11/turn              (no ring)

@: very quick
A: large, hooves 3, deformed body, speed 2, tough skin 3
a: Heroism, Renounce Religion


You were on level 5 of the Dungeon.
You worshipped Okawaru.
Okawaru was pleased with you.
You were not hungry.

You visited 1 branch of the dungeon, and saw 6 of its levels.
You also visited: Ossuary.

You collected 268 gold pieces.

Inventory:

Hand Weapons
 a - a +1 trident
 b - a +0 shortbow (weapon)
Missiles
 Q - 31 arrows (quivered)
Armour
 c - a +0 scale mail
 x - a +1 leather armour of fire resistance (worn)
Jewellery
 g - a +3 ring of intelligence (left hand)
 p - an amulet of faith (around neck)
 v - an uncursed ring of ice
Wands
 B - a wand of enslavement (10)
 F - a wand of clouds (4)
Scrolls
 e - a scroll of enchant weapon
 f - 2 scrolls of fog
 i - 3 scrolls of identify
 j - 2 scrolls of enchant armour
 r - a scroll of magic mapping
 s - 5 scrolls of remove curse
 t - 2 scrolls of teleportation
 w - 2 scrolls of amnesia
 y - 2 scrolls of fear {unknown}
 G - a scroll of noise {unknown}
Potions
 d - a potion of might
 h - 2 potions of lignification {unknown}
 k - 4 potions of flight
 l - a potion of ambrosia {unknown}
 m - a potion of stabbing {unknown}
 n - a potion of mutation {unknown}
 q - 4 potions of curing
 u - 4 potions of haste {unknown}
 z - 2 potions of invisibility {unknown}
 A - a potion of berserk rage {unknown}
 D - a potion of heal wounds {unknown}
 E - a potion of resistance {unknown}
Comestibles
 o - 9 rations
 C - a chunk of flesh


   Skills:
 + Level 6.6 Fighting
 + Level 7.1 Polearms
 + Level 3.7 Bows
 - Level 2.1 Armour
   Level 2.1 Shields


You had 7 spell levels left.
You didn't know any spells.
Your spell library contained the following spells:

 Spells                   Type           Power        Failure   Level  Hunger
 Summon Small Mammal      Summ           #...         41%         1    ##.....
 Call Imp                 Summ           #.......     54%         2    ###....
 Call Canine Familiar     Summ           #.......     78%         3    ####...
 Summon Guardian Golem    Hex/Summ       #.......     78%         3    ####...
 Summon Ice Beast         Ice/Summ       #.......     99%         4    #####..
 Summon Lightning Spire   Summ/Air       #.......     99%         4    #####..


Dungeon Overview and Level Annotations

Branches:
Dungeon (6/15)             Temple (0/1) D:6         Ossuary (visited)

Altars:
Ashenzari
Cheibriados
Elyvilon
Fedhas
Makhleb
Okawaru
Ru
Sif Muna
Vehumet
Xom

Annotations:
D:5 3 runed translucent doors, Insin's ghost, novice DDFi


Innate Abilities, Weirdness & Mutations

You have hooves in place of feet.
Armour fits poorly on your strangely shaped body.
You cover ground very quickly.
You have extremely tough skin. (AC +3)


Message History

The orc wizard flickers and vanishes!
Deactivating autopickup; reactivate with Ctrl-A.
Firing (i - inventory)
Q - 34 arrows (quivered)
Press: ? - help, Shift-Dir - straight line, f/p - orc warrior
Aim: an orc warrior, wielding a +0 halberd and wearing a +0 plate armour (severely wounded)
You shoot an arrow.
The arrow closely misses the orc warrior.
Firing (i - inventory)
Q - 33 arrows (quivered)
Press: ? - help, Shift-Dir - straight line, f/p - orc warrior
Aim: an orc warrior, wielding a +0 halberd and wearing a +0 plate armour (severely wounded)
You shoot an arrow.
The arrow hits the orc warrior but does no damage.
The orc warrior is severely wounded.
Firing (i - inventory)
Q - 32 arrows (quivered)
Press: ? - help, Shift-Dir - straight line, f/p - orc warrior
Aim: an orc warrior, wielding a +0 halberd and wearing a +0 plate armour (severely wounded)
You shoot an arrow. The arrow hits the orc warrior!
The orc warrior is almost dead.
The orc warrior hits you from afar with a +0 halberd!!
You die...

.....### ##########
#.##
.......###........#
##..
........#.......###
##.
...(..(.((......##
##.
....##...........#
##.#
..>.##......{....##
###.##
..o##..#.....(....#
##..###
......##......o...#
#..## #
.....####.......@.#
#### # ##..##
#.........# # ##.##
##........# # #..#
##......## #.##
####..## ### ..#
#### ###..
.######### ##....
.........# ##.....
##.......# #......


You could see an orc warrior.

Vanquished Creatures
  Duvessa (D:6)
  A sky beast (D:3)
  A phantom (D:4)
  2 centaurs (D:5)
  An elf zombie (Ossuary)
  Dowan (D:6)
  A howler monkey (D:5)
  2 crimson imps
  A hound (D:6)
  2 quasits (D:6)
  An orc priest (D:3)
  A human zombie (Ossuary)
  Jessica (D:3)
  An orc wizard (D:3)
  2 worker ants
  3 mummies (Ossuary)
  6 gnolls
  11 adders
  A howler monkey skeleton (D:4)
  A shadow imp (D:6)
  An ooze (D:3)
  4 worms
  4 dart slugs
  4 leopard geckos
  7 orcs
  3 giant cockroaches
  8 goblins
  8 hobgoblins
  9 jackals
  3 ball pythons (D:3)
  11 bats
  13 frilled lizards
  7 goblin zombies (Ossuary)
  2 hobgoblin zombies (Ossuary)
  8 kobolds
  A leopard gecko zombie (D:5)
  An orc zombie (Ossuary)
  2 quokka zombies (Ossuary)
  6 rats
  4 rat zombies (Ossuary)
147 creatures vanquished.

Vanquished Creatures (others)
  A withered plant (D:6)
1 creature vanquished.

Grand Total: 148 creatures vanquished

Notes
Turn   | Place    | Note
-------+----------+-------------------------------------------
     0 | D:1      | mortelune the Centaur Fighter began the quest for the Orb.
     0 | D:1      | Reached XP level 1. HP: 19/19 MP: 1/1
   121 | D:1      | Reached skill level 2 in Polearms
   228 | D:1      | Reached XP level 2. HP: 20/26 MP: 2/2
   866 | D:1      | Reached XP level 3. HP: 31/31 MP: 3/3
  1063 | D:2      | Reached skill level 3 in Polearms
  1419 | D:2      | Reached XP level 4. HP: 31/40 MP: 4/4
  1628 | D:2      | Reached skill level 4 in Polearms
  1628 | D:2      | Reached XP level 5. HP: 4/46 MP: 5/5
  1941 | D:2      | Found a faded altar of an unknown god.
  2246 | D:3      | Found an iron altar of Okawaru.
  2265 | D:3      | Became a worshipper of Warmaster Okawaru
  3093 | D:3      | Reached XP level 6. HP: 48/53 MP: 6/6
  3252 | D:3      | Found a radiant altar of Vehumet.
  3289 | D:3      | Noticed Jessica
  3294 | D:3      | Killed Jessica
  3294 | D:3      | Reached skill level 5 in Polearms
  3313 | D:3      | Found a blossoming altar of Fedhas.
  3432 | D:3      | Noticed a sky beast
  3444 | D:3      | Killed a sky beast
  3444 | D:3      | Reached * piety under Okawaru
  3732 | D:4      | Found a sand-covered staircase.
  3740 | Ossuary  | Entered an ossuary
  3933 | Ossuary  | Reached skill level 5 in Fighting
  4035 | Ossuary  | Reached XP level 7. HP: 56/61 MP: 7/7
  4345 | D:4      | Reached skill level 6 in Polearms
  4898 | D:4      | Found a shimmering altar of Xom.
  4907 | D:4      | Found a burning altar of Makhleb.
  4907 | D:4      | Found a snail-covered altar of Cheibriados.
  5165 | D:5      | Entered Level 5 of the Dungeon
  5167 | D:5      | Found a runed translucent gate.
  5168 | D:5      | Found a runed translucent gate.
  5168 | D:5      | Noticed Insin's ghost (novice DDFi)
  5169 | D:5      | Found a runed translucent gate.
  5192 | D:5      | Reached ** piety under Okawaru
  5574 | D:5      | Found a sacrificial altar of Ru.
  5726 | D:5      | Reached skill level 1 in Bows
  6171 | D:5      | Found a shimmering blue altar of Sif Muna.
  6280 | D:5      | Found a white marble altar of Elyvilon.
  6389 | D:5      | Found a shattered altar of Ashenzari.
  6501 | D:6      | Noticed Duvessa
  6501 | D:6      | Noticed Dowan
  6515 | D:6      | Killed Duvessa
  6515 | D:6      | Reached XP level 8. HP: 42/70 MP: 5/8
  6520 | D:6      | Killed Dowan
  6520 | D:6      | Reached skill level 7 in Polearms
  6580 | D:6      | Found a staircase to the Ecumenical Temple.
  6940 | D:5      | Slain by an orc warrior

Levels and vault maps discovered:
D:1:      arrival_zaba_pyramid, layout_basic, minmay_misc_feat_doors,
          chequers_serial_rivers_marsh, minmay_lizard_pond
D:2:      layout_rooms, chequers_ecumenical_altar_island,
          chequers_serial_rivers_room_b
D:3:      layout_basic, marbit_many_paths, okawaru_gym_becter, fedhas_altar_4,
          uniq_jessica
D:4:      layout_basic, minitemple, chequers_ossuary_entry_cave, first_ration
D:5:      layout_cave_pods, nicolae_ru_awakened_eye, overflow_temple_1_default,
          kennysheep_little_box, ebering_ghost_rock_garden,
          lemuel_blue_sif_altar
D:6:      layout_loops_ring, kiku_gazebo_garden_becter, temple_fountains,
          uniq_duvessa

Skill      XL: |  1  2  3  4  5  6  7  8 |
---------------+-------------------------+-----
Polearms       | 2 3 4 5 6 7 |  7.1
Fighting       | 4 5 6 |  6.6
Bows           | 2 3 |  3.7
Armour         | |  2.1
Shields        | |  2.1

Action                   |  1- 3 |  4- 6 |  7- 9 || total
-------------------------+-------+-------+-------++-------
Melee: Trident           |   141 |   239 |   128 ||   508
       Kick              |    13 |    38 |    29 ||    80
 Fire: Shortbow          |       |       |    55 ||    55
Invok: Heroism           |       |     1 |     3 ||     4
  Use: Scroll            |     5 |     3 |     5 ||    13
  Eat: Chunk             |     1 |     6 |     2 ||     9
       Ration            |       |       |     2 ||     2
Armor: Scale mail        |    66 |    97 |    14 ||   177
       Leather armour    |       |       |    42 ||    42
Dodge: Dodged            |    25 |    41 |    68 ||   134
Block: Kite shield       |    52 |    75 |    15 ||   142

Table legend:
 A = Non-vault XP
 B = Vault XP
 C = Vault XP percentage of total XP
 D = Non-vault monster count
 E = Vault monster count
 F = Vault count percentage of total count
                 A         B        C        D         E       F
            +---------+---------+-------+---------+---------+-------
      Total |    1364 |     468 |  25.5 |     119 |      28 |  19.0
            +---------+---------+-------+---------+---------+-------
        D:1 |      54 |       3 |   5.3 |      23 |       3 |  11.5
        D:2 |     171 |       0 |   0.0 |      31 |       0 |   0.0
        D:3 |     308 |      39 |  11.2 |      33 |       2 |   5.7
        D:4 |     185 |       0 |   0.0 |      10 |       0 |   0.0
        D:5 |     434 |       0 |   0.0 |      12 |       0 |   0.0
        D:6 |     212 |     223 |  51.3 |      10 |       2 |  16.7
    Ossuary |       0 |     203 | 100.0 |       0 |      21 | 100.0
            +---------+---------+-------+---------+---------+-------
